 Dungeon Crawl Stone Soup version 0.27.0-1-g7a089689b8 (webtiles) character file.

Game seed: 4706384472964503991

53 Smaepdii the Poker (level 3, 0/28 HPs)
             Began as a Merfolk Gladiator on Aug 13, 2021.
             Slain by an orc (1 damage)
             ... on level 4 of the Dungeon on Aug 14, 2021.
             The game lasted 00:04:23 (1450 turns).

Smaepdii the Poker (Merfolk Gladiator)              Turns: 1450, Time: 00:04:24

Health: 0/28       AC:  5    Str: 14    XL:     3   Next: 87%
Magic:  3/3        EV: 13    Int:  7    God:
Gold:   65         SH:  0    Dex: 16    Spells: 2/2 levels left

rFire    . . .     SeeInvis .   a - +0 trident
rCold    . . .     Faith    .   (no shield)
rNeg     . . .     Spirit   .   b - +0 leather armour
rPois    .         Reflect  .   c - +0 helmet
rElec    .         Harm     .   (no cloak)
rCorr    .         Rampage  .   f - +0 pair of gloves
Will     .....                  (no boots)
Stlth    +.........             (no amulet)
HPRegen  0.09/turn              (no ring)
MPRegen  0.08/turn              (no ring)

@: no status effects
A: (nimble swimmer 2), mertail
a: no special abilities


You were on level 4 of the Dungeon.
You visited 1 branch of the dungeon, and saw 3 of its levels.

You collected 65 gold pieces.

Inventory:

Hand Weapons
 a - a +0 trident (weapon)
Missiles
 d - 2 throwing nets (quivered)
Armour
 b - a +0 leather armour (worn)
 c - a +0 helmet (worn)
 f - a +0 pair of gloves (worn)
Scrolls
 e - 3 scrolls of identify {unknown}
Potions
 g - a potion of cancellation {unknown}


   Skills:
 + Level 2.9 Fighting
 * Level 5.7 Polearms
 - Level 2.0 Throwing
 + Level 4.6 Dodging


You had 2 spell levels left.
You didn't know any spells.
Your spell library was empty.

Dungeon Overview and Level Annotations

Branches:
Dungeon (2/15)

Altars:


Innate Abilities, Weirdness & Mutations

((You are quick and stealthy near water. (Stealth+, EV+, Speed+++)))
Your lower body shifts to a powerful aquatic tail in water.


Message History

You hit the orc.
The orc is lightly wounded.
A quokka comes into view.
The orc closely misses you. The orc hits you with a +0 dagger.
You hit the orc but do no damage.
The orc is lightly wounded.
The orc hits you with a +0 trident. The orc hits you with a +0 dagger.
You closely miss the orc.
The orc is lightly wounded.
The orc hits you but does no damage. The orc closely misses you.
You hit the orc.
The orc is heavily wounded.
The orc completely misses you. The orc hits you with a +0 trident.
You hit the orc.
The orc is severely wounded.
The orc hits you with a +0 trident. The orc hits you with a +0 dagger.
You are too injured to fight recklessly!
You are too injured to fight recklessly!
You are too injured to fight recklessly!
You are too injured to fight recklessly!
You hit the orc.
The orc is almost dead.
The orc hits you with a +0 trident.
* * * LOW HITPOINT WARNING * * *
The orc barely misses you.
You hit the orc but do no damage.
The orc is severely wounded.
The orc barely misses you. x2
You hit the orc.
The orc is almost dead.
The orc hits you but does no damage. The orc hits you with a +0 trident.
* * * LOW HITPOINT WARNING * * *
You hit the orc.
You kill the orc!
The orc hits you with a +0 dagger.
* * * LOW HITPOINT WARNING * * *
You closely miss the orc. The orc hits you with a +0 dagger.
* * * LOW HITPOINT WARNING * * *
The orc hits you with a +0 dagger.
You die...

..#
#.#
#.#
#.#
#.#
#r#
#o#
#@#
+o#
#.#
#.#
#.#
#.#
#.#
#.#


You could see 2 orcs and a quokka.

Vanquished Creatures
  Natasha (D:2)
  A worm (D:2)
  An orc (D:4)
  2 endoplasms (D:1)
  2 giant cockroaches (D:1)
  2 goblins
  2 hobgoblins
  3 quokkas
  3 bats
  A frilled lizard (D:1)
  5 kobolds (D:1)
  A rat (D:1)
24 creatures vanquished.

Notes
Turn   | Place    | Note
-------+----------+-------------------------------------------
     0 | D:1      | Smaepdii the Merfolk Gladiator began the quest for the Orb.
     0 | D:1      | Reached XP level 1. HP: 16/16 MP: 1/1
   220 | D:1      | Reached XP level 2. HP: 11/23 MP: 2/2
   502 | D:1      | Reached skill level 5 in Polearms
  1096 | D:2      | Reached XP level 3. HP: 19/28 MP: 3/3
  1201 | D:2      | Noticed Natasha
  1216 | D:2      | Killed Natasha
  1439 | D:2      | You fall into a shaft and drop 2 floors!
  1450 | D:4      | HP: 1/28 [orc (1)]
  1450 | D:4      | Slain by an orc

Illustrated notes

Levels and vault maps discovered:
D:1:      ncdulo_smallfort, layout_loops_cross, kennysheep_crisscross,
          feat_on_display
D:2:      layout_basic, uniq_natasha, uniq_crazy_yiuf_cottage
D:4:      layout_cave_pools, mainiacjoe_overflow_small_starburst,
          mainiacjoe_overflow_concentric_impassable, minmay_door_square,
          corexii_leaking_fountain, uniq_edmund, uniq_sigmund

Skill      XL: |  1  2 |
---------------+-------+-----
Polearms       | 5 |  5.7
Fighting       | |  2.9
Throwing       | |  2.0
Dodging        | |  4.6

Action                   || total
-------------------------++-------
Melee: Trident           ||    92
Throw: Throwing net      ||     1
 Stab: Sleeping          ||     2
Armor: Leather armour    ||    15
Dodge: Dodged            ||    54
